 Dungeon Sprint DCSS version 0.31-a0-931-g7b59d4eb97 (webtiles) character file.

Game seed: 16371745294749938733

21895 sircluck the Brawler (level 12, -16/210 HPs)
             Began as a Troll Berserker on Oct 19, 2023.
             Was the Champion of Trog.
             Killed from afar by a nagaraja (28 damage)
             ... with a poison arrow
             ... while paralysed by a floating eye
             ... in the Dungeon (Sprint VII: "The Pits").
             The game lasted 00:09:48 (1830 turns).

sircluck the Brawler (Troll Berserker)              Turns: 1830, Time: 00:09:49

Health: -16/210    AC: 10    Str: 35    XL:     12   Next: 58%
Magic:  1/11       EV: -2    Int:  6    God:    Trog [******]
Gold:   36         SH:  0    Dex:  9    Spells: 11/11 levels left

rFire   . .          .
                       - Unarmed
rCold   . . .        (no shield)
rNeg    . . .        s - +0 troll leather armour
rPois   .            r - +2 hat {Int+3}
rElec   .            l - +0 cloak
rCorr   .            (gloves unavailable)
SInv    .            (boots unavailable)
Will    .....        (no amulet) Stlth
                     o - +3 ring of strength
HPRegen 2.15/turn    n - +3 ring of evasion
MPRegen 0.12/turn

%: no teleportation
@: paralysed, berserking (expiring), lethally poisoned (-16 -> -41), constricted
A: large, unfitting armour, claws 3, regeneration 1, shaggy fur 1, tough skin 1,
inability to drink after injury 1
a: Renounce Religion, Berserk, Trog's Hand, Brothers in Arms


You were in the Dungeon.
You worshipped Trog.
Trog was exalted by your worship.
You visited 1 branch You collected 36 gold pieces.

Inventory:

Missiles
 k - 17 stones
 u - 4 large rocks (quivered)
Armour
 a - a +0 animal skin
 l - a +0 cloak (worn)
 q - +0 acid dragon scales
 r - a +2 hat of intelligence (worn)
 s - a +0 troll leather armour (worn)
Jewellery
 n - a +3 ring of evasion (right claw)
 o - a +3 ring of strength (left claw)
 y - a ring of ice
 A - a ring of see invisible
Wands
 m - a wand of polymorph (11)
 z - a wand of quicksilver (4)
Scrolls
 g - 6 scrolls of blinking
 i - 2 scrolls of vulnerability
 j - a scroll of butterflies
 t - 4 scrolls of identify
 v - 2 scrolls of fear
 x - a scroll of poison
Potions
 b - 8 potions of curing
 c - 12 potions of heal wounds
 d - a potion of haste
 e - 4 potions of magic
 f - 4 potions of berserk rage
 h - 2 potions of invisibility
 p - a potion of resistance
 w - a potion of might


   Skills:
 + Level 14.8 Fighting
 + Level 3.3 Throwing
 * Level 12.5 Armour
 + Level 14.7 Dodging
 * Level 17.6 Unarmed Combat


You had 11 spell levels left.
You didn't know any spells.
Your spell library was empty.

Dungeon Overview and Level Annotations

Branches:
Dungeon (1/1)

Altars:
Ashenzari
Cheibriados
Dithmenos
Elyvilon
Fedhas
Gozag
Hepliaklqana
Kikubaaqudgha
Makhleb
Nemelex Xobeh
Okawaru
Qazlal
Ru
Sif Muna
Trog
Uskayaw
Vehumet
Wu Jian
Xom
Yredelemnul
Zin
The Shining One
Jiyva
Lugonu


Innate Abilities, Weirdness & Mutations

You are too large for most types of armour.
You have claws for hands.
Your natural rate of healing is unusually fast.
You are covered in fur. (AC +1)
You have tough skin. (AC +1)
You occasionally lose the ability to drink potions when taking damage.


Message History

You feel a bit more experienced.
You feel your intelligence returning.
You completely miss the nagaraja. Your claw misses the nagaraja.
You mangle the nagaraja!!
The nagaraja is moderately wounded.
The nagaraja spits poison at you. The splash of poison misses you.
You eviscerate the nagaraja!!!
The nagaraja is almost dead.
The nagaraja hits you with a +0 whip!! The nagaraja grabs you.
The nagaraja constricts you. The floating eye's view fixates on you.
You barely miss the nagaraja.
You claw the nagaraja, but do no damage.
The nagaraja is almost dead.
The nagaraja points at you and mumbles some strange words.
You barely resist. The nagaraja constricts you.
* * * LOW HITPOINT WARNING * * *
You closely miss the nagaraja.
The nagaraja is almost dead.
The floating eye gazes piercingly through you!
You suddenly lose the ability to move!
The nagaraja spits poison at you. The splash of poison hits you!!
You are poisoned.
* * * LOW HITPOINT WARNING * * *
The nagaraja constricts you.
* * * LOW HITPOINT WARNING * * *
You feel very sick. The nagaraja casts a spell at you.
The bolt of poison hits you!!
You are more poisoned.
* * * LOW HITPOINT WARNING * * *
The nagaraja constricts you.
* * * LOW HITPOINT WARNING * * *
You feel very sick. The nagaraja casts a spell at you.
The poison arrow hits you!!
You are lethally poisoned!
You die...

#..##..........+ #..####''####''#
#..####''####''#######
#..##......##.))......
############..##.#+##.##..)......
..............##.# .+.##..#######
..............##.+ t#.##..#
###''###########.# N+.##..#
###''###########@+ =#.##..#
..........##..##N##p#.##..#
#..#......##..##pG†A..##))#
..........''..##########.)#
..........''..##########))#
#..#......##...)......)...#
..........##..............#
###''######################
.##''############ ########## ####


You could see a nagaraja (fast), a death knight and a floating eye.

Vanquished Creatures
  Gastronok (D)
  Agnes (D)
  A ghost moth (D)
  An angel (D)
  Nessos (D)
  A great orb of eyes (D)
  2 alligators (D)
  A deep troll (D)
  A bog body (D)
  A phantasmal warrior (D)
  A lindwurm (D)
  An orc knight (D)
  An orc sorcerer (D)
  A rust devil (D)
  A cyclops (D)
  2 molten gargoyles (D)
  4 elephants (D)
  Joseph (D)
  A cane toad (D)
  An ice devil (D)
  An efreet (D)
  A guardian mummy (D)
  A red devil (D)
  A hellwing (D)
  4 yaks (D)
  A wraith (D)
  A wyvern (D)
  A basilisk (D)
  3 vampire mosquitoes (D)
  Grum (D)
  A steam dragon (D)
  Menkaure (D)
  2 wargs (D)
  Edmund (D)
  An acid dragon (D)
  A floating eye (D)
  A sky beast (D)
  Pargi (D)
  3 wolves (D)
  A phantom (D)
  A bullfrog (D)
  A scorpion (D)
  An earth elemental (D)
  Crazy Yiuf (D)
  A jelly (D)
  An iguana (D)
  An iron imp (D)
  2 orc wizards (D)
  A river rat (D)
  An adder (D)
  2 ufetubi (D)
  A worm (D)
  2 orcs (D)
  2 bats (D)
  A giant cockroach (D)
  A hobgoblin (D)
  2 jackals (D)
  A quokka (D)
  A ball python (D)
  A ball python zombie (D)
  A frilled lizard (D)
  A kobold (D)
80 creatures vanquished.

Vanquished Creatures (collateral kills)
  Josephine (D)
  An alligator snapping turtle (D)
  2 lindwurms (D)
  A wolf spider (D)
  An elephant (D)
  A molten gargoyle (D)
  2 orange demons (D)
  A red devil (D)
  An ice devil (D)
  A snapping turtle (D)
  A flying skull (D)
  A basilisk (D)
  4 wraiths (D)
  A redback (D)
  A black bear (D)
  An ice beast (D)
  A centaur (D)
  A giant cockroach (D)
  A bat simulacrum (D)
24 creatures vanquished.

Grand Total: 104 creatures vanquished

Notes
Turn   | Place    | Note
-------+----------+-------------------------------------------
     0 | D        | sircluck the Troll Berserker began the quest for the Orb.
     0 | D        | Reached XP level 1. HP: 22/22 MP: 0/0
   135 | D        | Found a bloodstained altar of Trog.
   135 | D        | Found a shimmering blue altar of Sif Muna.
   135 | D        | Found a viscous altar of Jiyva.
   135 | D        | Found a hazy altar of Hepliaklqana.
   135 | D        | Found an opulent altar of Gozag.
   136 | D        | Found a glowing golden altar of the Shining One.
   136 | D        | Found a glowing silver altar of Zin.
   136 | D        | Found a basalt altar of Yredelemnul.
   136 | D        | Found a shimmering altar of Xom.
   136 | D        | Found an ornate altar of the Wu Jian Council.
   136 | D        | Found a sacrificial altar of Ru.
   136 | D        | Found a stormy altar of Qazlal.
   136 | D        | Found an iron altar of Okawaru.
   136 | D        | Found a sparkling altar of Nemelex Xobeh.
   136 | D        | Found a burning altar of Makhleb.
   136 | D        | Found a blossoming altar of Fedhas.
   136 | D        | Found a white marble altar of Elyvilon.
   136 | D        | Found a shadowy altar of Dithmenos.
   136 | D        | Found a snail-covered altar of Cheibriados.
   139 | D        | Found a corrupted altar of Lugonu.
   139 | D        | Found a radiant altar of Vehumet.
   140 | D        | Found an ancient bone altar of Kikubaaqudgha.
   140 | D        | Found a hide-covered altar of Uskayaw.
   140 | D        | Found a broken altar of Ashenzari.
   188 | D        | Reached ** piety under Trog
   204 | D        | Reached XP level 2. HP: 31/31 MP: 1/1
   217 | D        | Noticed a scorpion
   222 | D        | Reached *** piety under Trog
   224 | D        | Reached skill level 4 in Unarmed Combat
   229 | D        | Killed a scorpion
   230 | D        | Reached skill level 5 in Unarmed Combat
   230 | D        | Reached XP level 3. HP: 23/40 MP: 2/2
   230 | D        | Reached XP level 4. HP: 28/49 MP: 3/3
   305 | D        | Noticed Pargi
   322 | D        | Killed Pargi
   323 | D        | Reached skill level 5 in Fighting
   323 | D        | Reached skill level 5 in Dodging
   323 | D        | Reached skill level 6 in Unarmed Combat
   323 | D        | Reached XP level 5. HP: 57/57 MP: 4/4
   343 | D        | Noticed Crazy Yiuf
   348 | D        | Killed Crazy Yiuf
   348 | D        | Reached **** piety under Trog
   356 | D        | Reached skill level 7 in Unarmed Combat
   412 | D        | Noticed Menkaure
   417 | D        | Killed Menkaure
   417 | D        | Reached ***** piety under Trog
   418 | D        | Reached skill level 8 in Unarmed Combat
   418 | D        | Reached XP level 6. HP: 39/68 MP: 5/5
   459 | D        | Noticed a sky beast
   463 | D        | Killed a sky beast
   465 | D        | Noticed a warg
   465 | D        | Noticed Edmund
   469 | D        | Killed Edmund
   470 | D        | Reached skill level 9 in Unarmed Combat
   470 | D        | Reached XP level 7. HP: 65/79 MP: 6/6
   541 | D        | Noticed a molten gargoyle
   549 | D        | Killed a molten gargoyle
   550 | D        | Reached skill level 10 in Unarmed Combat
   550 | D        | Reached XP level 8. HP: 91/91 MP: 7/7
   554 | D        | Paralysed by a floating eye for 2 turns
   558 | D        | Received a gift from Trog
   760 | D        | Reached ****** piety under Trog
   793 | D        | Noticed an orange demon
   796 | D        | Reached skill level 11 in Unarmed Combat
   800 | D        | Noticed a lindwurm
   809 | D        | Noticed a molten gargoyle
   810 | D        | Killed a lindwurm
   811 | D        | Reached skill level 10 in Fighting
   811 | D        | Reached skill level 10 in Dodging
   811 | D        | Reached XP level 9. HP: 24/101 MP: 8/8
   812 | D        | Killed a molten gargoyle
   813 | D        | Reached skill level 5 in Armour
   813 | D        | Reached skill level 12 in Unarmed Combat
   817 | D        | Killed an orange demon
   825 | D        | Received a gift from Trog
   924 | D        | Noticed Grum
   933 | D        | Received a gift from Trog
   934 | D        | Reached skill level 13 in Unarmed Combat
   939 | D        | Reached XP level 10. HP: 114/114 MP: 9/9
   950 | D        | Killed Grum
  1114 | D        | Received a gift from Trog
  1116 | D        | Noticed a lindwurm
  1123 | D        | Killed a lindwurm
  1140 | D        | Noticed Agnes
  1140 | D        | Noticed Gastronok
  1140 | D        | Noticed a deep troll
  1145 | D        | Killed Agnes
  1146 | D        | Reached skill level 14 in Unarmed Combat
  1146 | D        | Noticed a bog body
  1149 | D        | Killed a deep troll
  1154 | D        | Killed a bog body
  1154 | D        | Received a gift from Trog
  1155 | D        | Reached XP level 11. HP: 124/124 MP: 10/10
  1160 | D        | Killed Gastronok
  1232 | D        | Noticed a great orb of eyes
  1232 | D        | Noticed Josephine
  1238 | D        | Reached skill level 15 in Unarmed Combat
  1243 | D        | Received a gift from Trog
  1250 | D        | Killed Josephine
  1253 | D        | Reached skill level 10 in Armour
  1264 | D        | Received a gift from Trog
  1266 | D        | Killed a great orb of eyes
  1281 | D        | Reached skill level 16 in Unarmed Combat
  1283 | D        | Received a gift from Trog
  1433 | D        | Gained mutation: You passively dampen the noise of your
                  | surroundings. [potion of mutation]
  1434 | D        | Lost mutation: You passively dampen the noise of your
                  | surroundings. [potion of mutation]
  1434 | D        | Gained mutation: You are strong-willed. (Will+) [potion of
                  | mutation]
  1434 | D        | Gained mutation: You are partially covered in iridescent
                  | scales. (AC +2) [potion of mutation]
  1435 | D        | Lost mutation: You are strong-willed. (Will+) [potion of
                  | mutation]
  1435 | D        | Lost mutation: You are partially covered in iridescent
                  | scales. (AC +2) [potion of mutation]
  1435 | D        | Gained mutation: Armour fits poorly on your strangely
                  | shaped body. [potion of mutation]
  1436 | D        | Lost mutation: Armour fits poorly on your strangely shaped
                  | body. [potion of mutation]
  1436 | D        | Gained mutation: You occasionally lose the ability to drink
                  | potions when taking damage. [potion of mutation]
  1492 | D        | Noticed an alligator
  1496 | D        | Killed an alligator
  1497 | D        | Noticed a lindwurm
  1502 | D        | Killed a lindwurm
  1502 | D        | Received a gift from Trog
  1503 | D        | Noticed an alligator
  1512 | D        | Killed an alligator
  1513 | D        | Reached XP level 12. HP: 119/139 MP: 11/11
  1532 | D        | Paralysed by an orc sorcerer for 5 turns
  1548 | D        | Received a gift from Trog
  1650 | D        | Received a gift from Trog
  1667 | D        | Noticed Joseph
  1675 | D        | Reached skill level 17 in Unarmed Combat
  1678 | D        | Killed Joseph
  1679 | D        | Reached skill level 1 in Throwing
  1794 | D        | Noticed a ghost moth
  1794 | D        | Noticed Nessos
  1794 | D        | Noticed a nagaraja
  1794 | D        | Noticed a death knight
  1795 | D        | Noticed an alligator snapping turtle
  1798 | D        | Noticed an angel
  1801 | D        | Killed Nessos
  1806 | D        | Killed an alligator snapping turtle
  1816 | D        | Killed an angel
  1823 | D        | Killed a ghost moth
  1828 | D        | Paralysed by a floating eye for 3 turns
  1830 | D        | Killed from afar by a nagaraja

Illustrated notes

Levels and vault maps discovered:
D:        pitsprint [storerooms_1, entrance_room_1, metal_vault_4, armoury_1,
          mini_pit_1, grid_room_1, main_hall_1, silver_pit, the_coven_3,
          the_vestibule_1, steel_vault_2, golden_pit, hallway_of_sentries,
          crystal_vault_1, iron_vault_1, final_vault]

Skill      XL: |  1  2  3  4  5  6  7  8  9 10 11 12 |
---------------+-------------------------------------+-----
Fighting       | 3 4 5 6 7 8 10 11 12 14 | 14.8
Dodging        | 3 4 5 6 7 8 10 11 12 14 | 14.7
Unarmed Combat | 5 6 8 9 10 11 13 14 16 17 | 17.6
Armour         | 2 4 6 9 11 12 | 12.5
Throwing       | 3 |  3.3

Action                     |  1- 3 |  4- 6 |  7- 9 | 10-12 || total
---------------------------+-------+-------+-------+-------++-------
  Melee: Unarmed           |    32 |    34 |    52 |   131 ||   249
         Punch             |     1 |     3 |     2 |    18 ||    24
 Invoke: Berserk           |       |     1 |     3 |     3 ||     7
         Brothers in Arms  |       |       |     2 |     5 ||     7
    Use: Potion            |       |       |     3 |     6 ||     9
   Stab: Sleeping          |       |     1 |       |       ||     1
         Distracted        |       |       |       |     1 ||     1
 Armour: Animal skin       |    22 |    29 |    18 |       ||    69
         Acid dragon scale |       |       |    44 |    27 ||    71
         Troll leather arm |       |       |       |    83 ||    83
  Dodge: Dodged            |    18 |    23 |    54 |    82 ||   177

Table legend: (Time is in decaauts)
 A = Elapsed time spent in this place.
 B = Non-inter-level travel time spent in this place.
 C = Inter-level travel time spent in this place.
 D = Time resting spent in this place.
 E = Time spent auto-exploring this place.
 F = Levels seen in this place.
 G = Mean time per level.
                   A        B        C        D        E       F      G
               +--------+--------+--------+--------+--------+-----+--------+
         Total |   1811 |   1811 |      0 |    562 |    323 |   1 | 1811.0 |
       Dungeon |   1811 |   1811 |      0 |    562 |    323 |   1 | 1811.0 |
               +--------+--------+--------+--------+--------+-----+--------+

Top non-repeatable levels by time:
       D: 1811 daAuts
